 Dungeon Crawl Stone Soup version 0.30.1-11-g7821555f0a (webtiles) character file.

Game seed: 13877343941149496518

322 pkoi the Ruffian (level 6, -4/51 HPs)
             Began as a Draconian Monk on Nov 12, 2023.
             Killed by nerve-wracking pain
             ... invoked by Grinder
              (14 damage)
             ... while paralysed by Grinder
             ... on level 4 of the Dungeon.
             The game lasted 00:04:26 (4373 turns).

pkoi the Ruffian (Draconian Monk)                   Turns: 4373, Time: 00:04:27

Health: -4/51      AC:  6    Str: 12 (14) XL:     6   Next: 22%
Magic:  6/6        EV:  2    Int:  9 (12) God:
Gold:   167        SH:  0    Dex: 10 (13) Spells: 5/5 levels left

rFire   . .          .
                       - Unarmed
rCold   . . .        b - orb {light}
rNeg    . . .        (body armour unavailable)
rPois   .            (helmet restricted)
rElec   .            (no cloak)
rCorr   .            (no gloves)
SInv    .            (no boots)
Will    .....        (no amulet)
Stlth   +            (no ring)
HPRegen 0.28/turn    (no ring)
MPRegen 0.10/turn

%: no passive effects
@: paralysed, on berserk cooldown, flying, slowed, glowing
A: AC +6, unfitting armour, cold-blooded
a: no special abilities


You were on level 4 of the Dungeon.
You visited 1 branch of the dungeon, and saw 4 of its levels.

You collected 167 gold pieces.

Inventory:

Hand Weapons
 n - a +0 dagger of draining
Armour
 b - an orb of light (worn)
Jewellery
 r - an amulet of the acrobat
Wands
 t - a wand of iceblast (9)
Scrolls
 c - a scroll of fog {unknown}
 f - 2 scrolls of torment {unknown}
 i - 2 scrolls of identify
 j - a scroll of amnesia {unknown}
 m - 2 scrolls of blinking {unknown}
 p - 3 scrolls of magic mapping {unknown}
Potions
 a - 2 potions of ambrosia
 e - 4 potions of haste {unknown}
 h - 2 potions of brilliance
 k - 5 potions of curing {unknown}
 l - a potion of mutation {unknown}
 o - a potion of heal wounds {unknown}
 q - a potion of might {unknown}
 s - a potion of lignification {unknown}


   Skills:
 - Level 3.2 Fighting
 - Level 2.6 Dodging
 + Level 7.1 Unarmed Combat


You had 5 spell levels left.
You didn't know any spells.
Your spell library was empty.

Dungeon Overview and Level Annotations

Branches:
Dungeon (4/15)
 Temple: D:4-7

Altars:

Shops:
D:4 :

Annotations:
D:4 1 runed translucent door, Dalek's ghost, amateur HOFi; Grinder


Innate Abilities, Weirdness & Mutations

Your plain brown scales are hard. (AC +6)
You cannot fit into any form of body armour.
You are cold-blooded and may be slowed by cold attacks.


Message History

You are too injured to fight recklessly!
It was a potion of berserk rage.
A red film seems to cover your vision as you go berserk!
You feel yourself moving faster!
You feel mighty!
Grinder blinks!
You feel a strong urge to attack something.
Grinder blinks!
You feel your anger nearly subside.
You are no longer berserk.
You are exhausted.
You feel yourself slow down. Grinder gestures at you.
Pain shoots through your body! Grinder closely misses you.
You punch Grinder! You tail-slap Grinder.
Grinder is moderately wounded.
Grinder hits you but does no damage. Grinder hits you.
You writhe in agony.
You hit Grinder. You tail-slap Grinder.
Grinder is moderately wounded.
Grinder barely misses you.
You barely miss Grinder. You tail-slap Grinder.
Grinder is heavily wounded.
Grinder blinks!
Grinder attacks as you move away! Grinder hits you.
You writhe in agony.
Grinder says, "At least Makhleb appreciates what I'm doing."
Grinder hits you.
* * * LOW HITPOINT WARNING * * *
You writhe in agony.
* * * LOW HITPOINT WARNING * * *
Unknown command.
It was a potion of flight.
You feel very buoyant.
You fly up into the air.
Grinder closely misses you.
It was a potion of degeneration.
There was something very wrong with that liquid.
You feel weakened.
You feel dopey.
You feel clumsy. Grinder gestures at you.
You suddenly lose the ability to move!
Grinder gestures at you. Pain shoots through your body!
You die...

..#########
..........##########
.....####..........#
....## ##).######.#
#'### #..# #.# #.#
#..# #.# #.### #..#
#.# ....#
#..######.#
#.#...^..#..#...@5.#
#.#......#..#......#
#.# ######..########
#.# # #.# #.# #.. #
#


You could see Grinder.

Vanquished Creatures
  2 orc priests (D:2)
  An iguana (D:4)
  3 orc wizards
  Terence (D:2)
  Robin (D:2)
  3 adders
  A white imp (D:4)
  3 worms
  2 dart slugs
  5 orcs
  7 endoplasms
  3 giant cockroaches
  12 goblins
  6 hobgoblins
  4 jackals (D:4)
  A quokka (D:3)
  9 ball pythons
  5 bats
  4 frilled lizards
  7 kobolds
  5 rats
85 creatures vanquished.

Notes
Turn   | Place    | Note
-------+----------+-------------------------------------------
     0 | D:1      | pkoi the Draconian Monk began the quest for the Orb.
     0 | D:1      | Reached XP level 1. HP: 19/19 MP: 1/1
   269 | D:1      | Reached XP level 2. HP: 26/26 MP: 2/2
   479 | D:1      | Reached skill level 4 in Unarmed Combat
  1014 | D:2      | Noticed Terence
  1564 | D:2      | Reached XP level 3. HP: 30/31 MP: 3/3
  1847 | D:2      | Killed Terence
  2138 | D:2      | Noticed Robin
  2161 | D:2      | Killed Robin
  2162 | D:2      | Reached skill level 5 in Unarmed Combat
  2162 | D:2      | Reached XP level 4. HP: 16/38 MP: 4/4
  2927 | D:3      | Reached XP level 5. HP: 45/45 MP: 5/5
  2968 | D:2      | Reached skill level 6 in Unarmed Combat
  4092 | D:4      | Reached XP level 6. HP: 45/51 MP: 6/6
  4164 | D:4      | Found Dashaz's Self-Improvement Boutique.
  4176 | D:4      | Found a runed translucent door.
  4176 | D:4      | Noticed Dalek's ghost (amateur HOFi)
  4260 | D:4      | Reached skill level 7 in Unarmed Combat
  4360 | D:4      | Noticed Grinder
  4373 | D:4      | Paralysed by Grinder for 3 turns
  4373 | D:4      | Killed from afar by Grinder

Illustrated notes

Levels and vault maps discovered:
D:1:      heliophobic_arrival_glass_houses, layout_basic, serial_rivers,
          chequers_serial_rivers_small_a, chequers_serial_rivers_micro_e,
          chequers_serial_rivers_micro_b, chequers_serial_rivers_micro_b
D:2:      layout_loops_ring, uniq_terence, uniq_robin
D:3:      layout_rooms
D:4:      layout_basic, gammafunk_ghost_grave, serial_co_window_serial,
          co_window_paths_a, co_window_paths_a, co_window_corner_a,
          co_window_paths_b, co_window_of_opportunity_a,
          co_window_unsneaky_path_b, co_window_corner_b, co_window_2corner,
          co_window_corner_cb, co_window_corner_ca, co_window_cross_2,
          co_window_4corner_a, serial_park_tiny_pond,
          chequers_serial_rivers_room_b, nicolae_shop_self_help, uniq_grinder

Skill      XL: |  1  2  3  4  5  6 |
---------------+-------------------+-----
Unarmed Combat | 4 5 6 7 |  7.1
Fighting       | |  3.2
Dodging        | |  2.6

Action                     |  1- 3 |  4- 6 || total
---------------------------+-------+-------++-------
  Melee: Unarmed           |    95 |   151 ||   246
         Tailslap          |    12 |    27 ||    39
    Use: Scroll            |     3 |       ||     3
         Potion            |     1 |     3 ||     4
 Armour: Skin              |    23 |    36 ||    59
  Dodge: Dodged            |    83 |    92 ||   175
